 Dungeon Crawl Stone Soup version 0.29-a0-284-gf9362112df (webtiles) character file.

Game seed: 3102292532981525613

503 spaghetti the Magician (level 7, -7/49 HPs)
             Began as a Djinni Warper on Mar 26, 2022.
             Was an Elder of Ignis.
             Mangled by a gnoll
             ... wielding a +0 flail
              (8 damage)
             ... on level 4 of the Dungeon.
             The game lasted 00:05:14 (3094 turns).

spaghetti the Magician (Djinni Warper)              Turns: 3094, Time: 00:05:14

Health: -7/49      AC:  6    Str: 10    XL:     7   Next: 40%
Gold:   53         EV:  5    Int: 16    God:    Ignis [****..] SH:  0 Dex: 11

rFire   + + +      SeeInvis .   o - +1 dagger (venom) {short}
rCold   x . .      Faith    .   (no shield)
rNeg    . . .      Spirit   .   g - +0 plate armour
rPois   ∞          Reflect  .   l - +0 helmet
rElec   .          Harm     .   (no cloak)
rCorr   .          Rampage  .   (no gloves)
Will    .....                   (boots unavailable)
Stlth   ..........              (no amulet)
HPRegen 0.16/turn               q - +4 ring of evasion
MPRegen 0.00/turn               (no ring)

@: flying
A: sickness immunity, fire resistance 2, cold vulnerability 1, float, innate
caster, HP casting, extra vitality 1, clumsy 1, deformed body, sense
surroundings 1
a: Renounce Religion, Fiery Armour, Foxfire Swarm, Rising Flame


You were on level 4 of the Dungeon.
You worshipped Ignis.
Ignis was greatly pleased with you.
You visited 1 branch of the dungeon, and saw 5 of its levels.

You collected 53 gold pieces.


Innate Abilities, Weirdness & Mutations

You are immune to sickness and miasma.
You are immune to poison.
Your flesh is very heat resistant. (rF++)
You are vulnerable to cold. (rC-)
You float through the air rather than walking.
You learn spells naturally, not from books.
Your magical power is your life essence.
You have superior vitality. (+4 MHP)
You are clumsy. (Dex -2)
Armour fits poorly on your strangely shaped body.
You passively map a small area around you.


   Skills:
 - Level 2.0 Fighting
 - Level 4.1 Short Blades
 - Level 0.7 Throwing
 - Level 1.0 Armour
 - Level 2.1 Dodging
 + Level 5.2 Spellcasting


You couldn't memorise any spells.
You knew the following spells:

 Your Spells              Type           Power      Damage    Failure   Level
a - Blink                 Tloc           40%        N/A       100%        2
b - Lesser Beckoning      Tloc           20%        N/A       100%        3
c - Gell's Gravitas       Tloc           20%        N/A       100%        3
d - Teleport Other        Tloc           20%        N/A       100%        3
e - Manifold Assault      Tloc           20%        N/A       100%        5
f - Shock                 Conj/Air       80%        1d8       100%        1
g - Static Discharge      Conj/Air       20%        N/A       100%        2
h - Wereblood             Tmut           20%        N/A       100%        2
Your spell library was empty.

Inventory:

Hand Weapons
 a - a +0 short sword {short}
 o - a +1 dagger of venom (weapon) {short}
   (You took it off a kobold on level 2 of the Dungeon)
Missiles
 d - 7 boomerangs of dispersal (quivered) {=f!fthrowing}
 e - 27 stones {throwing}
 m - 4 poisoned darts {throwing}
 p - 3 boomerangs {throwing}
Armour
 b - a +0 leather armour
 g - a +0 plate armour (worn)
   (You found it on level 1 of the Dungeon)
 l - a +0 helmet (worn)
   (You found it on level 1 of the Dungeon)
Jewellery
 q - a +4 ring of evasion (left hand)
   (You found it on level 5 of the Dungeon)
Wands
 n - a wand of flame (26)
   (You found it on level 5 of the Dungeon)
Scrolls
 f - a scroll of teleportation {@r4}
 h - a scroll of identify {unknown}
 j - a scroll of enchant armour {unknown}
 k - a scroll of silence {unknown}
Potions
 c - a potion of flight {unknown}
 i - a potion of heal wounds {unknown}
 r - a potion of magic {unknown}

Dungeon Overview and Level Annotations

Branches:
Dungeon (5/15)
 Temple: D:4-7

Altars:
Kikubaaqudgha
Yredelemnul
Ignis

Annotations:
D:3 Jessica

########......#
#.....##......#
#.###.##..<...#########
.. #..†..............#
##.#######.#..........#
...........##.........#
....####..............#
.... #.........g....#
............gg..@.....#
.....########....g....#
...., ####'###### ...g,
#.# ..g. * #.# * #.# *
* #.# * #.# ,, * #.#


You could see 4 gnolls.


Message History

The scorpion stings you but does no damage. 😕 HP[+1]
You hit the scorpion but do no damage.
You kill the scorpion!
You have reached level 7!
The power to cast Wereblood wells up from within.
Spell assigned to 'h'. 😕 HP[+5]
You now have 49 max hp (+6).
You regained 5 hp, and now have 42/49 hp.
As you read the scroll labelled MATHRI NA ZESE, it crumbles to dust.
You feel strangely unstable.
It was a scroll of teleportation.
You start resting.
Your surroundings suddenly seem different.
A scorpion and an iguana come into view.
The iguana hisses angrily.
There are monsters nearby!
There are monsters nearby!
There are monsters nearby!
There are monsters nearby!
You barely miss the iguana. The iguana bites you. 😕 HP[-4]
You take 4 damage, and now have 38/49 hp.
You are too injured to fight recklessly!
You are too injured to fight recklessly!
You are too injured to fight recklessly!
You are too injured to fight recklessly!
You are too injured to fight recklessly!
You are too injured to fight recklessly!
You are too injured to fight recklessly!
You are too injured to fight recklessly!
You are too injured to fight recklessly!
You are too injured to fight recklessly!
You are too injured to fight recklessly!
You are too injured to fight recklessly!
You are too injured to fight recklessly!
You are too injured to fight recklessly!
You are too injured to fight recklessly!
You are too injured to fight recklessly!
You are too injured to fight recklessly!
The iguana bites you!
You see here 3 poisoned darts {throwing}. 😮 HP[-6]
You take 6 damage, and now have 32/49 hp.
You hit the iguana.
The iguana is poisoned.
The iguana barely misses you.
You hit the iguana.
The iguana looks as sick as possible!
The iguana bites you!
* * * LOW HITPOINT WARNING * * *
😨 HP[-9]
You take 9 damage, and now have 23/49 hp.
You hit the iguana. The iguana bites you!
* * * LOW HITPOINT WARNING * * *
😱 HP[-12]
You take 12 damage, and now have 11/49 hp.
MASSIVE DAMAGE!! (PAUSE) Really read
c - a scroll of blinking {!r}?
Blink to where?
Press: ? - help, Dir - move target
As you read the scroll of blinking {!r}, it crumbles to dust.
You feel a bit more experienced. 😱 HP[+1] 😨 HP[+1] 😨 HP[+1] 😨 HP[+1] 😨 HP[+1] Activating: Foxfire Swarm
Press: ? - help, Dir - look around, f - activate Flames leap up around you!
The foxfire hits the scorpion but does no damage. 😨 HP[+1]
The foxfire hits the scorpion.
The foxfire hits the scorpion but does no damage. x3
The foxfire hits the scorpion.
The foxfire hits the scorpion but does no damage.
The foxfire hits the scorpion. x2
The foxfire hits the scorpion but does no damage.
The foxfire hits the scorpion. x4
You kill the scorpion!
Your Spellcasting skill increases to level 5! 😨 HP[+1]
c - a lumpy silvery potion
There are no items here.
(D) Dungeon
Where to? (Enter - D:3, ? - help)
There is a stone staircase leading up here.
You fly upwards.
The gnoll hits you with a +3 whip!
* * * LOW HITPOINT WARNING * * *
The gnoll hits you with a +0 flail!
* * * LOW HITPOINT WARNING * * *
There is a stone staircase leading down here. 😱 HP[-12]
You take 12 damage, and now have 6/49 hp.
MASSIVE DAMAGE!! (PAUSE) Unknown command.
Unknown command.
Unknown command.
The gnoll hits you with a +3 whip.
* * * LOW HITPOINT WARNING * * *
The gnoll hits you with a +0 flail!
You die...

Skill      XL: |  1  2  3  4  5  6  7 |
---------------+----------------------+-----
Short Blades   | 2 3 4 |  4.1
Spellcasting   | 3 4 5 |  5.2
Fighting       | |  2.0
Throwing       | |  0.7
Armour         | |  1.0
Dodging        | |  2.1

Action                   |  1- 3 |  4- 6 |  7- 9 || total
-------------------------+-------+-------+-------++-------
Melee: Short sword       |   121 |       |       ||   121
       Punch             |     1 |     1 |       ||     2
       Dagger            |    25 |    92 |     4 ||   121
Invok: Foxfire Swarm     |       |     1 |     1 ||     2
  Use: Potion            |     2 |     1 |       ||     3
       Scroll            |       |       |     2 ||     2
Armor: Leather armour    |     5 |       |       ||     5
       Plate armour      |   109 |    56 |       ||   165
       Skin              |     3 |     5 |       ||     8
Dodge: Dodged            |    23 |     5 |     1 ||    29

Levels and vault maps discovered:
D:1:      evilmike_arrival_plus, layout_basic, ebering_ecumenical_altar_mist
D:2:      layout_rooms, dk_noncrumbling_2
D:3:      layout_basic, kiku_gazebo_pond_becter, lemuel_doored_altar,
          uniq_jessica
D:4:      layout_basic, minmay_temple_entry_wispy, uniq_robin
D:5:      layout_loops_ring, mainiacjoe_overflow_boulevard, minmay_shop_damaged,
          nicolae_stop_n_shop_2, kennysheep_nondescript, kennysheep_small_circle

Notes
Turn   | Place    | Note
-------+----------+-------------------------------------------
     0 | D:1      | spaghetti the Djinni Warper began the quest for the Orb.
     0 | D:1      | Reached XP level 1. HP: 18/18 MP: 0/0
     0 | D:1      | magus.rc [v1.9.6]
    30 | D:1      | Found a faded altar of an unknown god.
   154 | D:1      | Prayed at the altar of an unknown god.
   154 | D:1      | Became a worshipper of Ignis, the Dying Flame
   361 | D:1      | Reached skill level 2 in Short Blades
   366 | D:1      | Reached XP level 2. HP: 10/23 MP: 0/0
  1282 | D:1      | Reached XP level 3. HP: 23/28 MP: 0/0
  1282 | D:1      | Learned a level 1 spell: Shock
  1710 | D:3      | Reached skill level 3 in Short Blades
  1923 | D:3      | HP: 6/28 [orc priest/divine providence (13)]
  1926 | D:3      | Gained mutation: You are clumsy. (Dex -2) [potion of
                  | mutation]
  1926 | D:3      | Gained mutation: Armour fits poorly on your strangely
                  | shaped body. [potion of mutation]
  1926 | D:3      | Gained mutation: You passively map a small area around you.
                  | [potion of mutation]
  1927 | D:3      | Reached XP level 4. HP: 7/33 MP: 0/0
  1935 | D:3      | Reached skill level 4 in Short Blades
  1935 | D:3      | Reached XP level 5. HP: 23/38 MP: 0/0
  1935 | D:3      | Learned a level 2 spell: Static Discharge
  2245 | D:3      | Noticed Jessica
  2461 | D:5      | Entered Level 5 of the Dungeon
  2462 | D:5      | Found a basalt altar of Yredelemnul.
  2474 | D:5      | Reached skill level 3 in Spellcasting
  2590 | D:5      | Reached XP level 6. HP: 21/43 MP: 0/0
  2752 | D:5      | Reached skill level 4 in Spellcasting
  2821 | D:5      | Got the Volume of Flying Shape Shifting
  3032 | D:5      | Reached XP level 7. HP: 42/49 MP: 0/0
  3032 | D:5      | Learned a level 2 spell: Wereblood
  3039 | D:5      | HP: 11/49 [iguana (12)]
  3076 | D:5      | Reached skill level 5 in Spellcasting
  3093 | D:4      | HP: 6/49 [gnoll/+0 flail (7)]
  3094 | D:4      | HP: 1/49 [gnoll/+3 whip (5)]
  3094 | D:4      | Mangled by a gnoll

Vanquished Creatures
  4 scorpions (D:5)
  A jelly (D:5)
  2 orc priests
  An iguana (D:5)
  4 orc wizards
  An adder (D:3)
  A worm (D:3)
  A dart slug (D:1)
  2 orcs (D:5)
  2 endoplasms
  3 goblins (D:1)
  5 hobgoblins
  4 jackals (D:4)
  2 quokkas (D:1)
  2 ball pythons
  2 bats
  A frilled lizard (D:1)
  5 kobolds
  5 rats
48 creatures vanquished.

Vanquished Creatures (others)
  32 foxfires (D:5)
32 creatures vanquished.

Grand Total: 80 creatures vanquished

Table legend:
 A = Non-vault XP
 B = Vault XP
 C = Vault XP percentage of total XP
 D = Non-vault monster count
 E = Vault monster count
 F = Vault count percentage of total count
                 A         B        C        D         E       F
            +---------+---------+-------+---------+---------+-------
      Total |     636 |      83 |  11.5 |      47 |       1 |   2.1
            +---------+---------+-------+---------+---------+-------
        D:1 |      33 |       0 |   0.0 |      20 |       0 |   0.0
        D:2 |       9 |       0 |   0.0 |       5 |       0 |   0.0
        D:3 |      97 |       0 |   0.0 |       6 |       0 |   0.0
        D:4 |      10 |       0 |   0.0 |       5 |       0 |   0.0
        D:5 |     487 |      83 |  14.6 |      11 |       1 |   8.3
            +---------+---------+-------+---------+---------+-------

Illustrated notes

Table legend:
 A = Kills in this place as a percentage of kills in entire the game.
 B = Kills by you in this place as a percentage of kills by you in the entire game.
 C = Kills by friends in this place as a percentage of kills by friends in the entire game.
 D = Other kills in this place as a percentage of other kills in the entire game.
 E = Experience gained in this place as a percentage of experience gained in the entire game.
 F = Experience gained in this place divided by the number of levels of this place that you have seen.
                   A       B       C       D       E      F
               +-------+-------+-------+-------+-------+----------------------
         Total | 100.0 | 100.0 |   N/A |   N/A | 100.0 | 143.8
       Dungeon | 100.0 | 100.0 |   N/A |   N/A | 100.0 | 143.8
               +-------+-------+-------+-------+-------+----------------------

Table legend: (Time is in decaauts)
 A = Elapsed time spent in this place.
 B = Non-inter-level travel time spent in this place.
 C = Inter-level travel time spent in this place.
 D = Time resting spent in this place.
 E = Time spent auto-exploring this place.
 F = Levels seen in this place.
 G = Mean time per level.
                   A        B        C        D        E       F      G
               +--------+--------+--------+--------+--------+-----+--------+
         Total |   3068 |   3028 |     40 |   1232 |   1246 |   5 |  613.6 |
       Dungeon |   3068 |   3028 |     40 |   1232 |   1246 |   5 |  613.6 |
               +--------+--------+--------+--------+--------+-----+--------+

Top non-repeatable levels by time:
     D:1: 1582 daAuts
     D:5: 616 daAuts
     D:3: 561 daAuts
     D:4: 200 daAuts
     D:2: 106 daAuts
